[Event "Reykjavik Open 2025"]
[Site "Reykjavik"]
[Date "2025.04.15"]
[Round "9.15"]
[White "Sokolovsky, Yahli"]
[Black "Xu, Yuanyuan"]
[Result "1-0"]
[Annotator "RC"]
[ECO "B11"]
[WhiteElo "2546"]
[BlackElo "2288"]
[PlyCount "73"]
[EventDate "2025.04.09"]
[EventType "swiss"]
[EventCountry "ISL"]
[SourceTitle "playchess.com"]
[Source "ChessBase"]
[SourceQuality "1"]
[TimeControl "40/5400+30:1800+30"]

1. e4 c6 2. Nc3 d5 3. Nf3 Bg4 4. h3 Bxf3 5. Qxf3 e6 6. g3 Nd7 7. d4 dxe4 8. Nxe4 Ndf6 9. c3 Nxe4 10. Qxe4 Nf6 11. Qc2 Qd5 12. Rg1 e5 13. Bg2 e4 14. Be3 a5 15. Qb3 b5 16. Qxd5 cxd5 17. Bf1 Rb8 18. Bf4 Rb7 19. a4 bxa4 20. Rxa4 Rxb2 21. Rxa5 Be7 22. Bb5+ Nd7 23. Bc1 Rb1 24. Kd2 Bd8 25. Bxd7+ Kxd7 26. Rxd5+ Kc6 27. Rc5+ Kd7 28. Rd5+ Kc6 29. Re5 Bf6 30. Rxe4 Ra8 31. Kc2 Rba1 32. Kd3 Rb1 33. Rge1 Ra2 34. R4e2 Ra4 35. Bb2 Rxe1 36. Rxe1 Kd5 37. Ra1 1-0

[Event "Reykjavik Open 2025"]
[Site "Reykjavik"]
[Date "2025.04.15"]
[Round "9.16"]
[White "Lohia, Sohum"]
[Black "Draskovic, Luka"]
[Result "0-1"]
[Annotator "RC"]
[ECO "C41"]
[WhiteElo "2354"]
[BlackElo "2488"]
[PlyCount "82"]
[EventDate "2025.04.09"]
[EventType "swiss"]
[EventCountry "ISL"]
[SourceTitle "playchess.com"]
[Source "ChessBase"]
[SourceQuality "1"]
[TimeControl "40/5400+30:1800+30"]

1. e4 d6 2. d4 Nf6 3. Nc3 e5 4. Nf3 Nbd7 5. Bc4 Be7 6. O-O O-O 7. a4 exd4 8. Nxd4 Re8 9. Re1 Bf8 10. Bf4 Nc5 11. Qf3 Bg4 12. Qg3 Qd7 13. h3 Nh5 14. Qxg4 Qxg4 15. hxg4 Nxf4 16. g3 Nfe6 17. Nxe6 Nxe6 18. Kg2 c6 19. Rad1 Rad8 20. b3 g6 21. Bxe6 Rxe6 22. f3 Rde8 23. Kf2 Re5 24. Re2 h5 25. gxh5 Rxh5 26. g4 Rh2+ 27. Kf1 Rh4 28. Kg2 Bg7 29. Rd3 Be5 30. Kf2 Kg7 31. Ke3 d5 32. Kd2 d4 33. Na2 Rh1 34. Re1 Reh8 35. Rxh1 Rxh1 36. b4 Bf4+ 37. Ke2 Ra1 38. Ra3 Bc1 39. Nxc1 Rxa3 40. a5 Re3+ 41. Kf2 Rc3 0-1

[Event "Reykjavik Open 2025"]
[Site "Reykjavik"]
[Date "2025.04.15"]
[Round "9.17"]
[White "Dushyant Sharma"]
[Black "Kilic, Eray"]
[Result "1-0"]
[Annotator "RC"]
[ECO "B94"]
[WhiteElo "2313"]
[BlackElo "2473"]
[PlyCount "69"]
[EventDate "2025.04.09"]
[EventType "swiss"]
[EventCountry "ISL"]
[SourceTitle "playchess.com"]
[Source "ChessBase"]
[SourceQuality "1"]
[TimeControl "40/5400+30:1800+30"]

1. e4 c5 2. Nf3 d6 3. d4 cxd4 4. Nxd4 Nf6 5. Nc3 a6 6. Bg5 Nbd7 7. Bc4 Qb6 8. Bb3 e6 9. Bxf6 Nxf6 10. Qd2 Nd7 11. O-O-O Nc5 12. f4 Bd7 13. f5 O-O-O 14. Rhf1 Kb8 15. fxe6 fxe6 16. Rf7 Qa5 17. Kb1 Be8 18. Rf2 Bd7 19. Rf7 h6 20. Rdf1 e5 21. Nde2 Nxb3 22. axb3 Qb4 23. Qd3 Be6 24. Nd5 Qc5 25. b4 Qc6 26. Rc7 Qe8 27. Nec3 Rd7 28. Qc4 Qd8 29. Rxd7 Bxd7 30. b5 Qc8 31. Qa4 Qd8 32. Rf7 Be8 33. Rxb7+ Kxb7 34. Qxa6+ Kb8 35. Nb6 1-0

[Event "Reykjavik Open 2025"]
[Site "Reykjavik"]
[Date "2025.04.15"]
[Round "9.18"]
[White "Prraneeth Vuppala"]
[Black "Pattnayak Nilsu"]
[Result "1-0"]
[Annotator "RC"]
[ECO "C42"]
[WhiteElo "2433"]
[BlackElo "2146"]
[PlyCount "81"]
[EventDate "2025.04.09"]
[EventType "swiss"]
[EventCountry "ISL"]
[SourceTitle "playchess.com"]
[Source "ChessBase"]
[SourceQuality "1"]
[TimeControl "40/5400+30:1800+30"]

1. e4 e5 2. Nf3 Nf6 3. Nxe5 d6 4. Nf3 Nxe4 5. c4 Be7 6. Nc3 Bf5 7. Nd5 O-O 8. Be2 c6 9. Ne3 Bg6 10. d3 Qa5+ 11. Kf1 Nc5 12. h4 h6 13. Bd2 Qc7 14. Bc3 Ne6 15. g4 Nd7 16. Qd2 Rfe8 17. Rg1 Bh7 18. Nf5 Bf8 19. h5 f6 20. N3h4 Ne5 21. Rc1 Rad8 22. d4 Nf7 23. Bd3 Neg5 24. Kg2 Ne4 25. Qc2 Nxc3 26. Ne7+ Bxe7 27. Bxh7+ Kh8 28. bxc3 f5 29. Nxf5 Bg5 30. f4 Bxf4 31. Rcf1 Kxh7 32. Rxf4 Kg8 33. Nxg7 d5 34. Rgf1 Re7 35. Rxf7 Rxf7 36. Ne6 Qd7 37. Qg6+ Rg7 38. Nxg7 Qxg7 39. Qe6+ Kh8 40. Rf6 Rd6 41. Qc8+ 1-0

[Event "Reykjavik Open 2025"]
[Site "Reykjavik"]
[Date "2025.04.15"]
[Round "9.19"]
[White "Lu, Miaoyi"]
[Black "Boissonnier, Kimo"]
[Result "1-0"]
[Annotator "RC"]
[ECO "B05"]
[WhiteElo "2429"]
[BlackElo "2019"]
[PlyCount "45"]
[EventDate "2025.04.09"]
[EventType "swiss"]
[EventCountry "ISL"]
[SourceTitle "playchess.com"]
[Source "ChessBase"]
[SourceQuality "1"]
[TimeControl "40/5400+30:1800+30"]

1. e4 Nf6 2. e5 Nd5 3. d4 d6 4. Nf3 Bg4 5. Be2 e6 6. O-O Nc6 7. c4 Nde7 8. exd6 Qxd6 9. Nc3 a6 10. d5 Bxf3 11. Bxf3 Ne5 12. dxe6 O-O-O 13. exf7 Qf6 14. Bxb7+ Kxb7 15. Qxd8 g5 16. Ne4 Qxf7 17. Nc5+ Kc6 18. Nxa6 Nf5 19. Qa8+ Kb6 20. a4 Nxc4 21. a5+ Nxa5 22. Nxc7 Nb7 23. Ne6 1-0

[Event "Reykjavik Open 2025"]
[Site "Reykjavik"]
[Date "2025.04.15"]
[Round "9.20"]
[White "Pisk, Petr"]
[Black "Niermann, Tristan"]
[Result "1/2-1/2"]
[Annotator "RC"]
[ECO "B25"]
[WhiteElo "2302"]
[BlackElo "2427"]
[PlyCount "66"]
[EventDate "2025.04.09"]
[EventType "swiss"]
[EventCountry "ISL"]
[SourceTitle "playchess.com"]
[Source "ChessBase"]
[SourceQuality "1"]
[TimeControl "40/5400+30:1800+30"]

1. Nf3 c5 2. g3 Nc6 3. Bg2 g6 4. e4 Nf6 5. Nc3 Bg7 6. O-O O-O 7. d3 d6 8. Bg5 h6 9. Be3 e5 10. h3 Be6 11. Nd2 Nd4 12. f4 exf4 13. gxf4 d5 14. f5 gxf5 15. Bxd4 cxd4 16. Nxd5 Bxd5 17. exd5 Nxd5 18. Bxd5 Qxd5 19. Qh5 Qc6 20. Qxf5 Qxc2 21. Ne4 Qc7 22. Rac1 Qe5 23. Rc5 Qxf5 24. Rfxf5 Rfc8 25. Rxc8+ Rxc8 26. Rxf7 Kxf7 27. Nd6+ Ke6 28. Nxc8 Kd5 29. Ne7+ Ke5 30. Ng6+ Kf5 31. Nh4+ Ke5 32. Ng6+ Kf5 33. Nh4+ Ke5 1/2-1/2

[Event "Reykjavik Open 2025"]
[Site "Reykjavik"]
[Date "2025.04.15"]
[Round "9.21"]
[White "Llari, Marc"]
[Black "Thorhallsson, Throstur"]
[Result "1/2-1/2"]
[Annotator "RC"]
[ECO "D37"]
[WhiteElo "2299"]
[BlackElo "2394"]
[PlyCount "46"]
[EventDate "2025.04.09"]
[EventType "swiss"]
[EventCountry "ISL"]
[SourceTitle "playchess.com"]
[Source "ChessBase"]
[SourceQuality "1"]
[TimeControl "40/5400+30:1800+30"]

1. d4 Nf6 2. c4 e6 3. Nf3 d5 4. Nc3 a6 5. cxd5 exd5 6. Qb3 Be7 7. Bf4 c6 8. e3 Nbd7 9. h3 O-O 10. Bd3 Re8 11. O-O Nf8 12. Rfc1 Bd6 13. Bxd6 Qxd6 14. Na4 Rb8 15. Nb6 Be6 16. Ng5 h6 17. Nxe6 Nxe6 18. Na4 Nd7 19. Bf5 Ng5 20. Nc5 Nxc5 21. Rxc5 g6 22. Bd3 Kg7 23. Qb6 Ne6 1/2-1/2

[Event "Reykjavik Open 2025"]
[Site "Reykjavik"]
[Date "2025.04.15"]
[Round "9.22"]
[White "Golis, Wiktor"]
[Black "Kirk, Ezra"]
[Result "1-0"]
[Annotator "RC"]
[ECO "A50"]
[WhiteElo "2293"]
[BlackElo "2394"]
[PlyCount "65"]
[EventDate "2025.04.09"]
[EventType "swiss"]
[EventCountry "ISL"]
[SourceTitle "playchess.com"]
[Source "ChessBase"]
[SourceQuality "1"]
[TimeControl "40/5400+30:1800+30"]

1. c4 Nf6 2. Nc3 g6 3. Nf3 Bg7 4. g3 b6 5. Bg2 Bb7 6. O-O O-O 7. d4 Ne4 8. Bd2 Nxd2 9. Qxd2 e6 10. e4 d6 11. d5 e5 12. b4 Nd7 13. Rfc1 Qe7 14. Ne1 f5 15. Nd3 Nf6 16. Qe2 Bh6 17. Rc2 fxe4 18. Nxe4 Nxe4 19. Bxe4 a5 20. c5 bxc5 21. bxc5 Ba6 22. cxd6 cxd6 23. Rb1 Qa7 24. Kg2 Qd4 25. Rd1 Bc4 26. Qg4 Bxd3 27. Rxd3 Qb6 28. h4 Rf6 29. h5 Raf8 30. Rf3 Kg7 31. hxg6 hxg6 32. Rc8 Rxc8 33. Qd7+ 1-0